[Event "GrandPrix_30.05"]
[Site "Chess.com"]
[Date "2020.05.30"]
[Round "3"]
[White "PeshkaTheGreat"]
[Black "N4700000"]
[Result "1/2-1/2"]
[WhiteElo "2136"]
[BlackElo "2292"]
[TimeControl "600+2"]
[EndTime "9:26:31 PDT"]
[Termination "Game drawn by repetition"]

1. e4 c5 2. Nf3 e6 3. d4 cxd4 4. Nxd4 Nf6 5. Nc3 Nc6 6. Nxc6 bxc6 7. e5 Nd5 8. Ne4 Qc7 9. f4 Qb6 10. c4 Bb4+ 11. Ke2 O-O 12. cxd5 cxd5 13. Be3 Qb8 14. Ng5 f6 15. exf6 gxf6 16. Nf3 Bd6 17. Qd2 Bb7 18.
Kf2 e5 19. fxe5 fxe5 20. Bh6 Rf7 21. Qg5+ Kh8 22. Qh5 Qe8 23. Bd2 d4 24. Qh6 Bf8 25.
Qh4 e4 26. Bc4 d5 27. Be2 e3+ 28. Kf1 exd2 29. Qxd4+ Bg7 30. Qxd2 Rb8 31. Re1 Qf8 32. h4 d4 33. Rh3 Rd8 34. Kg1 d3 35. Bd1 Bxf3 36. Rxf3 Rxf3 37. Bxf3 Qf6 38. Qg5 Qxg5 39. hxg5 d2 40. Rd1 Bxb2 41. Kf1 Bc1 42. Ke2 Re8+ 43.
Kd3 Re5 44. Be4 Rxg5 45. Rh1 Rg7 46. Bf3 Re7 47. Kc2 Kg7 48. Rh4 Rd7 49. Kd1 Ba3 50.
Rh3 Bb4 51. Be4 h6 52. Rb3 Ba5 53. Ra3 Bb4 54. Rb3 Rd4 55. Bf3 Kf6 56. a3 Ba5 57.
Kc2 Rc4+ 58. Kb2 Rc1 59. Rd3 Ke5 60. Rd5+ Kf4 61. Rxa5 d1=Q 62. Bxd1 Rxd1 63. Rxa7 Rd2+ 64. Kc3 Rxg2 65. a4 h5 66. Rh7 Rg5 67. Kb4 Kg3 68.
a5 h4 69. a6 h3 70. a7 Rg8 71. Rg7+ Rxg7 72. a8=Q Rg4+ 73. Kc3 h2 74. Kd2 Kf2 75. Qf8+ Kg2 76. Qa8+ Kg1 77. Qa1+ Kf2 78. Qf6+ Kg1 79.
Qa1+ Kg2 80. Qa8+ Kh3 81. Qf3+ Rg3 82. Qh5+ Kg2 83. Qe2+ Kg1 84. Qe1+ Kg2 85. Qe2+ Kg1 86. Qe1+ Kg2 87. Qe2+ 1/2-1/2

[Event "GrandPrix_30.05"]
[Site "Chess.com"]
[Date "2020.05.30"]
[Round "3"]
[White "MikaelyanArman1996"]
[Black "DaVinci81"]
[Result "1/2-1/2"]
[WhiteElo "2391"]
[BlackElo "2528"]
[TimeControl "600+2"]
[EndTime "9:26:42 PDT"]
[Termination "Game drawn by repetition"]

1. e4 e5 2. Nf3 Nc6 3. Bb5 a6 4.
Ba4 Nf6 5. O-O Be7 6. Re1 b5 7. Bb3 d6 8. c3 O-O 9. h3 Nb8 10. d4 Nbd7 11. Nbd2 Bb7 12. Bc2 c5 13. Nf1 cxd4 14.
cxd4 exd4 15. Nxd4 Re8 16. Nf5 Bf8 17. N1g3 Nc5 18. f3 Rc8 19. b4 Ne6 20. Bb2 g6 21. Ne3 Bg7 22. Rb1 Nf4 23. Bb3 h5 24. Ne2 Nxe2+ 25.
Rxe2 h4 26. Qe1 Nh5 27. Bxg7 Kxg7 28. Qd2 Nf4 29. Nf5+ gxf5 30. Qxf4 Qf6 31. Rd1 Rcd8 32.
Bd5 Bxd5 33. Rxd5 Re5 34. Red2 fxe4 35. Qg4+ Kf8 36. fxe4 Rxd5 37. Rxd5 Re8 38. Rg5 Ke7 39. Rf5 Qh6 40. Kh2 Rh8 41. e5 Qe6 42. exd6+ Qxd6+ 43. Kh1 Rh6 44. Qg5+ Rf6 45. Re5+ Kf8 46. Re1 Qf4 47.
Qh5 Kg7 48. a3 Qg3 49. Qe2 Re6 50. Qb2+ Kg8 51. Rc1 Re1+ 52. Rxe1 Qxe1+ 53. Kh2 Qg3+ 54. Kh1 Qe1+ 55. Kh2 Qg3+ 56. Kh1 Qf4 57. Qc3 Kh7 58. Qd3+ Kh6 59. Qd8 Kg7 60. Kg1 Qe3+ 61. Kh2 Qg3+ 62. Kh1 Qe1+ 63. Kh2 Qe5+ 64. Kh1 f6 65. Qd7+ Kh6 66. Qd8 Qe1+ 67. Kh2 Qe5+ 68. Kh1 Kg7 69. Qd7+ Kg6 70. Qd3+ Kg5 71. Qd2+ Kg6 72. Qd3+ f5 73. Qf3 Qe1+ 74. Kh2 Qe5+ 75. Kh1 Qd6 76. Qa8 Qd1+ 77. Kh2 Qd6+ 78. Kh1 Qd1+ 79. Kh2 Qd6+ 80. Kh1 1/2-1/2

[Event "GrandPrix_30.05"]
[Site "Chess.com"]
[Date "2020.05.30"]
[Round "3"]
[White "BakaPG"]
[Black "kpio91"]
[Result "0-1"]
[WhiteElo "2316"]
[BlackElo "2568"]
[TimeControl "600+2"]
[EndTime "9:26:46 PDT"]
[Termination "kpio91 won by resignation"]

1. e4 c5 2. Nf3 d6 3. c3 Nf6 4.
Bd3 Nc6 5. Bc2 g6 6. h3 Bg7 7. O-O O-O 8. d4 cxd4 9. cxd4 Nb4 10. Bb3 d5 11. e5 Ne8 12. a3 Nc6 13. Nc3 Nc7 14.
Be3 f6 15. exf6 exf6 16. Qd2 Be6 17. Rfe1 Bf7 18. Ba2 Qd7 19. Bh6 Rad8 20. Bxg7 Kxg7 21. Re3 g5 22. Rae1 Bg6 23. Ne2 Rf7 24. Bb1 Bxb1 25. Rxb1 Ne6 26. Re1 Kh8 27. b4 Ne7 28. Qd3 Rc8 29.
g3 Ng7 30. g4 Ng6 31. Nh2 Ne6 32. Qf5 Nef4 33. Nxf4 Nxf4 34. Qxd7 Rxd7 35. Nf1 Kg8 36. Kh2 Rc2 37. Kg3 Rdc7 38. Re8+ Kf7 39. Rh8 R7c3+ 40.
Ne3 Kg7 41. Rd8 Rxa3 42. Rd7+ Kg6 43. Rxb7 Rd2 44. Rh1 Rxd4 45. h4 gxh4+ 46. Rxh4 h5 47. Kf3 Kg5 48. Rh1 hxg4+ 49. Kg3 Nh5+ 50. Kg2 Nf4+ 51.
Kg3 Nh5+ 52. Kg2 f5 53. Rh7 Nf4+ 54. Kg3 Re4 55. Rf7 Raxe3+ 56. fxe3 Rxe3+ 57. Kf2 Rf3+ 58. Ke1 Ra3 59. Rhh7 d4 60. Rxa7 Rxa7 61. Rxa7 Nd3+ 62. Kd2 Nxb4 63. Rd7 Nc6 64. Ke2 Kf4 65. Rd6 Ne5 66.
Rxd4+ Kg5 67. Ke3 Ng6 68. Rd5 Nh4 69. Ra5 g3 70. Ra8 Kg4 71. Rg8+ Kh3 72. Kf4 g2 73. Rg7 Kh2 74. Rg8 g1=Q 75. Rxg1 Kxg1 76. Kg5 Kg2 77. Kxh4 f4 0-1

[Event "GrandPrix_30.05"]
[Site "Chess.com"]
[Date "2020.05.30"]
[Round "3"]
[White "Gannikus21"]
[Black "rasmussvane"]
[Result "0-1"]
[WhiteElo "2148"]
[BlackElo "2488"]
[TimeControl "600+2"]
[EndTime "9:26:57 PDT"]
[Termination "rasmussvane won on time"]

1. Nf3 d5 2. g3 Nf6 3. Bg2 e6 4. O-O Be7 5. c4 O-O 6. Qc2 d4 7. d3 Nc6 8. a3 a5 9. e3 e5 10. exd4 exd4 11. Re1 h6 12. Bf4 Bd6 13. Bxd6 Qxd6 14. Nbd2 Bf5 15. Nh4 Bh7 16. Ne4 Nxe4 17.
Bxe4 Bxe4 18. Rxe4 f5 19. Re2 g5 20. Nf3 Rae8 21.
Rae1 Rxe2 22. Qxe2 Kg7 23. h4 g4 24. Nd2 Rf7 25.
Qe8 Rf8 26. Qe2 Rf7 27. Qe8 Rf8 28. Qe6 Qxe6 29. Rxe6 Rf6 30. Re8 Rf8 31. Rxf8 Kxf8 32. Kf1 Ke7 33. Ke2 h5 34. Nb3 b6 35. Kd2 a4 36.
Nc1 f4 37. Ne2 f3 38. Nf4 Nd8 39. Nxh5 Ne6 40. Nf4 Nxf4 41. gxf4 Kf6 42. h5 c5 43. Ke1 Kf5 44. Kd1 Kf6 45. Kd2 Kf5 46. Ke1 Kf6 47.
Kd2 Kf5 48. Kd1 Kxf4 49. h6 g3 50. fxg3+ Kxg3 51. h7 f2 52. Ke2 Kg2 53. h8=Q f1=Q+ 54. Kd2 Qf2+ 55. Kd1 Qf3+ 56. Ke1 Qe3+ 57. Kd1 Qxd3+ 58.
Kc1 Qxc4+ 59. Kd2 Qe6 60. Qg7+ Kf3 61. Qf8+ Ke4 62. Qa8+ Kf4 63. Qf8+ Ke5 64. Qh8+ Qf6 65. Qb8+ Kd5 66. Qa8+ Qc6 67. Qg8+ Kd6 68. Qf8+ Kc7 69.
Qe7+ Qd7 70. Qe5+ Kb7 71. Qe4+ Ka7 72. Qg6 Qb5 73. Qf7+ Ka6 74. Kc1 Qb3 75. Qc7 Qc4+ 76.
Kd2 Qe6 77. Qb8 Kb5 78. Qc7 Kc4 0-1

[Event "GrandPrix_30.05"]
[Site "Chess.com"]
[Date "2020.05.30"]
[Round "3"]
[White "bsnsun"]
[Black "sahidi"]
[Result "0-1"]
[WhiteElo "1932"]
[BlackElo "2235"]
[TimeControl "600+2"]
[EndTime "9:27:04 PDT"]
[Termination "sahidi won by resignation"]

1. Nf3 Nf6 2. c4 c5 3. Nc3 Nc6 4. g3 g6 5. Bg2 Bg7 6. a3 O-O 7.
O-O d5 8. cxd5 Nxd5 9. Qc2 Nb6 10. d3 Bf5 11. Ne4 Rc8 12. Bg5 Nd7 13. Qd2 Bxe4 14. dxe4 Nde5 15. Nxe5 Qxd2 16. Bxd2 Bxe5 17. Rab1 Rfd8 18. Rfd1 b5 19. f4 Bg7 20. e5 e6 21.
Bc3 Nd4 22. Kf2 Bf8 23. Ba5 Re8 24. e3 Nb3 25. Be1 Red8 26. Be4 a5 27. Ke2 c4 28. Rxd8 Rxd8 29. Rd1 Rxd1 30. Kxd1 Bc5 31. Bc6 b4 32. axb4 axb4 33. Bb5 Na5 34. Bd2 Kf8 35.
g4 Ke7 36. h4 Kd8 37. h5 Be7 38. h6 Bf8 39. g5 Bc5 40. Kc2 Ke7 41. Ba6 Kd8 42.
Bb5 Be7 43. Ba6 Kc7 44. Bb5 c3 45. bxc3 b3+ 46. Kb2 Kb6 47. c4 Bc5 48. Bc1 Nc6 49.
Kxb3 Kc7 50. Kc3 Kb6 51. Kd3 Kb7 52. Bb2 Be7 53. Ke4 Bc5 54. Bd4 Bf8 55. Kd3 Ba3 56. Bc3 Bc5 57. e4 Ba3 58. Ke3 Bc1+ 59. Kf3 Kb6 60.
Kg4 Kc5 61. f5 Be3 62. fxg6 fxg6 63. Ba6 Bd4 64. Bxd4+ Kxd4 65. Kf4 Nxe5 66. c5 Nc6 67. Bb7 e5+ 68. Kf3 Kxc5 69. Bc8 Nd4+ 70. Kg4 Kd6 71. Bb7 Nc6 72. Ba8 Kc7 73. Kg3 Nb4 74. Kf3 Kd6 75. Ke3 Nc2+ 76. Kf3 Nd4+ 77. Kg4 Nc6 78. Kg3 Ne7 79.
Kf2 Kc5 80. Kf3 Nc6 81. Ke3 Kd6 82. Bb7 Nb4 83. Bc8 Ke7 84. Bb7 Nc2+ 85. Kf3 Nd4+ 86. Kg4 Kf8 87. Bd5 Ne2 88. Kf3 Nf4 89. Bc4 Nh3 90.
Kg4 Nf4 91. Kg3 Nh5+ 92. Kh4 Nf4 93. Kg4 Ng2 94. Kf3 Nf4 95. Bb3 Nh3 96. Kg4 Nf4 97.
Bc4 Ng2 98. Be6 Nf4 99. Bd7 Ke7 100. Ba4 Ne6 101. Bb3 Nc5 102. Bg8 Nxe4 103. Bxh7 Kf7 104. Kh4 Nc5 105. Kg4 Ne6 106. Kf3 Nxg5+ 107. Kg4 Nxh7 108. Kf3 Nf6 109. Ke3 g5 0-1

[Event "GrandPrix_30.05"]
[Site "Chess.com"]
[Date "2020.05.30"]
[Round "3"]
[White "Onischuk_V"]
[Black "VerdeNotte"]
[Result "1/2-1/2"]
[WhiteElo "2508"]
[BlackElo "2730"]
[TimeControl "600+2"]
[EndTime "9:27:08 PDT"]
[Termination "Game drawn by repetition"]

1. e4 c5 2. Nf3 d6 3. d4 cxd4 4.
Nxd4 Nf6 5. Nc3 g6 6. g3 Nc6 7.
Bg2 Nxd4 8. Qxd4 Bg7 9. e5 Ng4 10. f4 Nh6 11. h3 Nf5 12. Qf2 dxe5 13. g4 Nd6 14. O-O Be6 15. fxe5 Bxe5 16. Re1 Bg7 17. Bf4 O-O 18. Rad1 Qb6 19. Nd5 Bxd5 20. Bxd5 Qxf2+ 21. Kxf2 Rfe8 22. c4 Rac8 23. b3 b6 24. Re2 Bf6 25.
Kg2 e5 26. Bc1 e4 27. Ba3 Be5 28. Bxd6 Bxd6 29. Bxf7+ Kxf7 30. Rxd6 Re7 31. Kf2 b5 32. cxb5 Rc3 33. Kg2 h5 34. gxh5 gxh5 35. Rd4 e3 36. Kf3 Re5 37. Ra4 Kf6 38. Rxa7 Rf5+ 39. Ke4 Rxb5 40. Ra6+ Kg5 41. Kf3 Kh4 42. Kg2 Rg5+ 43. Kh2 Rf5 44. Ra4+ Kg5 45. Kg2 Rf4 46. Ra5+ Kh4 47.
Re5 Rf2+ 48. Rxf2 exf2 49. Kxf2 Rc2+ 50. Re2 Rc1 51. Kg2 Ra1 52. Re4+ Kg5 53. Ra4 h4 54. Kf3 Rf1+ 55. Ke2 Rh1 56. b4 Rxh3 57. Ra8 Kf4 58. Rf8+ Ke4 59. Re8+ Kd4 60. Ra8 Kc4 61. a3 Rb3 62.
Kf2 h3 63. Ra5 h2 64. Kg2 Rb2+ 65. Kh1 Ra2 66. b5 Rb2 67. a4 Kd5 68. Ra6 Kc5 69.
Rc6+ Kd5 70. Rc8 Rb4 71. Ra8 Rb2 72. Ra6 Kc5 73. Rh6 Ra2 74. Rh4 Kb6 75. Rh6+ Kc5 76. Rc6+ Kd5 77. Ra6 Kc5 78. b6 Kc6 79. a5 Kb7 80.
Ra7+ Kb8 81. a6 Rb2 82. Rb7+ Ka8 83. Ra7+ Kb8 84. Rb7+ Ka8 85. Ra7+ Kb8 1/2-1/2

[Event "GrandPrix_30.05"]
[Site "Chess.com"]
[Date "2020.05.30"]
[Round "3"]
[White "Rakhmanov_Aleksandr"]
[Black "Funo09"]
[Result "0-1"]
[WhiteElo "2435"]
[BlackElo "2681"]
[TimeControl "600+2"]
[EndTime "9:27:10 PDT"]
[Termination "Funo09 won on time"]

1. d4 Nf6 2. c4 Nc6 3. Nf3 e6 4. Nc3 Bb4 5. Bd2 d6 6. e3 O-O 7. a3 Bxc3 8. Bxc3 a5 9. Qc2 Qe7 10. Be2 a4 11. O-O e5 12. dxe5 dxe5 13. h3 Nd7 14. Rad1 Nc5 15. Bb4 Nxb4 16. axb4 Nb3 17. Qe4 f6 18. c5 Ra7 19. Bc4+ Be6 20. Qg4 Bxc4 21. Qxc4+ Kh8 22. Qg4 f5 23. Qg5 Qe6 24. Qd8 Ra8 25. Qxc7 e4 26. Nd4 Nxd4 27. Rxd4 Qb3 28.
Rd7 Qxb2 29. Qxb7 a3 30. Rfd1 h6 31. R1d4 Rab8 32. Qc7 a2 33. Rxg7 a1=Q+ 34. Kh2 Qxd4 35. exd4 Qxd4 36. Rh7+ Kg8 37. Rd7 Qf6 38. Rd6 Qg7 39. Qc6 Qe5+ 40. g3 Rf7 41. Re6 Qd4 42. Rg6+ Kf8 43. Kg2 e3 44. fxe3 Qd2+ 45. Kf3 Qd1+ 46. Kf2 Qc2+ 47. Ke1 Qb1+ 48. Kf2 Qc2+ 49. Ke1 Qc1+ 50.
Kf2 Qd2+ 51. Kf3 Rd8 52. Rd6 Rxd6 53. cxd6 Qd1+ 54. Kf4 Qf1+ 55. Ke5 Qa1+ 56. Ke6 Qf6+ 57. Kd5 Kg7 58. b5 Qb2 59. b6 Qd2+ 60. Kc5 Qxe3+ 61. Kb5 Qe5+ 62. Qc5 Qxg3 63. Qd4+ Kg6 64. d7 Qb3+ 65.
Kc6 Qc2+ 66. Kb5 Qe2+ 67. Ka5 Qa2+ 68. Kb5 Qb1+ 69. Ka5 Qe1+ 70. Kb5 Qe2+ 71. Ka5 f4 72. Qd6+ Kh7 73. d8=Q Rf5+ 74. Kb4 Rb5+ 75. Kc3 Qb2+ 76. Kd3 Rb3+ 77. Ke4 Re3+ 78. Kf5 Qc2+ 79. Kg4 Qg2+ 0-1

[Event "GrandPrix_30.05"]
[Site "Chess.com"]
[Date "2020.05.30"]
[Round "3"]
[White "Evgeny81"]
[Black "Zubrrr"]
[Result "1/2-1/2"]
[WhiteElo "2423"]
[BlackElo "2571"]
[TimeControl "600+2"]
[EndTime "9:27:22 PDT"]
[Termination "Game drawn by stalemate"]

1. d4 f5 2. g3 Nf6 3. Bg2 g6 4. c4 Bg7 5. Nh3 O-O 6. O-O c5 7.
d5 d6 8. Nf4 Na6 9. Nc3 Nc7 10.
Re1 Rb8 11. a4 a6 12. a5 b5 13. axb6 Rxb6 14. Ra2 Ng4 15. Bd2 Bd7 16. b3 Qb8 17.
Ra3 Qe8 18. Nd3 Qf7 19. Na4 Rb7 20. Naxc5 dxc5 21. d6 Nb5 22. cxb5 Rxb5 23. Rxa6 exd6 24. Rxd6 Be6 25. Qc1 Rc8 26. Rc6 Rxc6 27. Bxc6 Rxb3 28. Nxc5 Rb8 29. Nxe6 Qxe6 30. Bg2 Kh8 31. Bf4 Rc8 32. Qd2 Qb6 33. e3 Qf6 34. h4 h6 35. Rc1 Rd8 36.
Qa5 Re8 37. Qc7 Qb2 38. Qc2 Qb6 39. Qc6 Qxc6 40. Rxc6 Kh7 41. Bf3 Ne5 42. Bxe5 Bxe5 43. Bd5 Re7 44. Rb6 h5 45. Kg2 Kg7 46. Kf3 Bc7 47. Rc6 Be5 48. Bb3 Bb8 49. Rc8 Be5 50. Rg8+ Kh7 51. Ra8 Bc7 52. Ra6 Be5 53. Bd5 Kg7 54.
e4 fxe4+ 55. Bxe4 Rf7+ 56. Kg2 Rf6 57. Ra5 Bd4 58. Ra2 Kh6 59. Rd2 Bb6 60. Rc2 Kg7 61. Rb2 Bd4 62. Ra2 Bb6 63. Rc2 Re6 64. Bd5 Rf6 65.
f3 Rd6 66. Be4 Ba5 67. Kh3 Bb6 68. Rb2 Rf6 69. Rb5 Bd4 70. Rb7+ Rf7 71. Rb5 Rf6 72. Rd5 Be3 73. f4 Bb6 74. f5 gxf5 75. Bxf5 Kh6 76. Bd7 Bf2 77. Be8 Rf3 78. Rxh5+ Kg7 79. Rg5+ Kf6 80.
Rg6+ Ke7 81. Bc6 Rxg3+ 82. Rxg3 Bxg3 83. Kxg3 Kf7 84. Kg4 Kg7 85. h5 Kh8 86. Kg5 Kg7 87. h6+ Kh8 88. Kg6 Kg8 89. Bd5+ Kh8 90. h7 1/2-1/2

[Event "GrandPrix_30.05"]
[Site "Chess.com"]
[Date "2020.05.30"]
[Round "3"]
[White "Pultis"]
[Black "levvard"]
[Result "1/2-1/2"]
[WhiteElo "2217"]
[BlackElo "2042"]
[TimeControl "600+2"]
[EndTime "9:28:01 PDT"]
[Termination "Game drawn by agreement"]

1. d4 e6 2. c4 d6 3. Nf3 Be7 4. Nc3 Nf6 5. e4 Bd7 6. e5 Ng8 7. Bd3 dxe5 8. dxe5 Bc6 9. O-O Nd7 10. Be4 Bxe4 11.
Nxe4 Nc5 12. Nfd2 Nxe4 13. Nxe4 Qxd1 14. Rxd1 f5 15. exf6 gxf6 16. b3 a5 17. a4 h5 18. Bb2 Rh6 19. f4 Rg6 20. f5 exf5 21. Ng3 f4 22. Nxh5 Rg4 23. Rf1 Bc5+ 24. Kh1 O-O-O 25.
h3 Rg5 26. Nxf4 Rg3 27. Ne6 Rd2 28. Bc1 Rdxg2 29. Nxc5 Re2 30. Bf4 Rxh3+ 31. Kg1 b6 32. Rae1 Rxe1 33. Rxe1 bxc5 34. Re8+ Kb7 35. Rxg8 Rxb3 36.
Rg2 Ra3 37. Rc2 Rxa4 38. Kf2 Kc6 39. Kf3 Ra3+ 40. Ke4 a4 41. Bd2 Rg3 42. Be3 Rh3 43. Ra2 f5+ 44. Kf4 Rh4+ 45. Kxf5 Rxc4 46. Ke5 Rc3 47.
Ke4 a3 48. Bd2 Rh3 49. Be3 c4 50. Rxa3 Kb5 51. Ra1 Rh4+ 52. Kd5 c6+ 53. Ke5 Rh5+ 54. Kd4 Rd5+ 55. Ke4 c3 56. Bd4 Kc4 57. Ra4+ Kb3 58. Ra6 Rd6 59. Rb6+ Kc4 60. Be5 Rh6 61. Bf4 Re6+ 62.
Kf5 Kc5 63. Rb3 Kc4 64. Rb6 Kc5 65. Rb1 Re2 66. Kg4 Re6 67. Kf5 c2 68. Rh1 Re8 69.
Be5 Kd5 70. Bf4 Re4 71. Kg4 Kd4 72. Kf3 Kd3 73. Bc1 c5 74. Kf2 c4 75. Rh3+ Kd4 76. Bb2+ Kc5 77. Rc3 Kb4 78. Rh3 Rd4 79. Ke2 Rd5 80.
Ba3+ Ka4 81. Bc1 Rd1 82. Rc3 Rxc1 83. Kd2 Rb1 84. Kxc2 Rb4 85. Rh3 Rb5 86. Rh4 Kb4 87. Rh1 Rf5 88. Rh2 Rf3 89. Rg2 Kc5 90. Rg5+ Kd4 91. Rg4+ Kc5 92. Rg5+ Kb4 93. Rg2 Ra3 94. Kb2 c3+ 95. Kb1 Ra5 96. Rg8 Kc4 97. Rc8+ Kb3 98. Rb8+ Kc4 99. Rc8+ Kb4 100. Rb8+ 1/2-1/2

[Event "GrandPrix_30.05"]
[Site "Chess.com"]
[Date "2020.05.30"]
[Round "3"]
[White "troisi"]
[Black "cukus"]
[Result "1/2-1/2"]
[WhiteElo "1610"]
[BlackElo "2185"]
[TimeControl "600+2"]
[EndTime "9:28:24 PDT"]
[Termination "Game drawn by repetition"]

1. e4 c6 2. d4 d5 3. Nc3 dxe4 4. Nxe4 Nf6 5. Nxf6+ exf6 6. h3 Bd6 7. Nf3 O-O 8. Be2 Re8 9. O-O Nd7 10. Re1 Nf8 11.
Bf1 Bf5 12. Bd3 Qd7 13. Be3 Ng6 14. Bxf5 Qxf5 15. Qd2 Qd5 16. Qd3 b5 17. a4 f5 18.
axb5 cxb5 19. Ra5 a6 20. Rea1 f4 21. Bd2 Qb7 22. b3 Ne7 23. R5a2 Nd5 24. c4 bxc4 25. bxc4 Nf6 26. c5 Bc7 27. Rxa6 Rxa6 28. Qxa6 Qd5 29.
Qa2 Qf5 30. Qc4 g5 31. Ra7 Nd5 32. Qb5 Rb8 33. Rb7 Ra8 34. Qb1 Qxb1+ 35. Rxb1 h6 36. Kf1 Ra2 37. Rd1 Kg7 38. Ne1 Kg6 39. Nd3 Kf5 40. Nb4 Rxd2 41. Rxd2 Nxb4 42. d5 Ke5 43. d6 Bd8 44. Ke2 f5 45. d7 h5 46. Rd6 g4 47.
Rh6 f3+ 48. gxf3 gxh3 49. Rxh5 Na6 50. c6 Nb4 51. Rh6 h2 52. c7 Bxc7 53. Rxh2 Kd6 54.
Rh4 Nc6 55. Rh7 Ne5 56. Rh5 f4 57. Rf5 Nxd7 58. Rxf4 Ke6 59. Re4+ Kf5 60. Ra4 Ne5 61. Ra7 Bb6 62. Ra6 Bc5 63. Ra5 Bb6 64. Ra4 Bc5 65.
f4 Nd7 66. Kf3 Bd6 67. Rd4 Ke6 68. Re4+ Kf5 69. Rd4 Ke6 70. Rd1 Nf6 71. Re1+ Kf5 72. Rb1 Bc7 73. Rb5+ Kg6 74. f5+ Kg5 75. Ke3 Bd6 76.
Kd4 Bh2 77. Ra5 Bg1 78. Ke5 Bxf2 79. Ke6 Bd4 80. Ra4 Bc3 81. Ra3 Bb2 82. Ra2 Bc3 83. Rc2 Bd4 84. Rd2 Bc3 85. Rg2+ Kf4 86. Rc2 Ba1 87.
Rf2+ Kg5 88. Rg2+ Kf4 89. Rg1 Bb2 90. Rg2 Ba1 91. Rg6 Ne4 92. Rg8 Bb2 93. Rb8 Bc3 94. Rb1 Bd4 95. Rf1+ Kg5 96. Rd1 Bc3 97. Kd5 Nf6+ 98.
Ke6 Bb2 99. Rg1+ Kf4 100. Rg2 Ba1 1/2-1/2

[Event "GrandPrix_30.05"]
[Site "Chess.com"]
[Date "2020.05.30"]
[Round "3"]
[White "Yaroslav_Remizov"]
[Black "Fandorine"]
[Result "0-1"]
[WhiteElo "2294"]
[BlackElo "2545"]
[TimeControl "600+2"]
[EndTime "9:28:38 PDT"]
[Termination "Fandorine won by resignation"]

1. e4 e5 2. Nf3 Nc6 3. Bc4 Bc5 4. c3 Nf6 5. d3 d6 6. Nbd2 a6 7. Nf1 h6 8. Ng3 Be6 9. Bb3 Ba7 10. h3 Qd7 11. Be3 Bxe3 12. fxe3 d5 13. exd5 Bxd5 14. O-O O-O-O 15. d4 Rhe8 16. Bxd5 Nxd5 17.
Qd3 f5 18. dxe5 Nxe5 19. Nxe5 Rxe5 20. Nxf5 Nxe3 21. Qxd7+ Rxd7 22. Nxe3 Rxe3 23. Rf8+ Rd8 24. Rxd8+ Kxd8 25. Kf2 Re5 26. Re1 Rxe1 27. Kxe1 Ke7 28. Kf2 Ke6 29. Kf3 Ke5 30. g3 a5 31. b3 b5 32. a3 h5 33. Ke3 g5 34. Kd3 h4 35. Ke3 hxg3 36. Kf3 g2 37. Kxg2 Ke4 38.
Kg3 Kd3 39. Kg4 Kxc3 40. Kxg5 Kxb3 41. h4 c5 42. h5 c4 43. h6 c3 44. h7 c2 45.
h8=Q c1=Q+ 46. Kf5 Qc5+ 47. Ke4 Qc4+ 48. Kf5 Qd3+ 49. Ke6 Kxa3 50. Qa1+ Kb4 51. Qe1+ Qc3 52. Qg1 Qc6+ 53. Kf7 Qd5+ 54. Ke8 Qe5+ 55. Kd7 a4 56. Kc6 Qe6+ 57. Kb7 Qd5+ 58. Ka6 a3 59. Qb1+ Ka4 60. Qc2+ Kb4 61. Qb1+ Qb3 62. Qe4+ Kc3 63. Qe5+ Kc2 64. Qe2+ Kb1 65. Qe1+ Kb2 66. Qd2+ Ka1 67. Qe1+ Qb1 68. Qe5+ Ka2 69. Qd5+ Qb3 70. Qd2+ Kb1 71. Qe1+ Kc2 72. Qe2+ Kc1 73. Qe1+ Kb2 74. Qe2+ Qc2 75. Qxb5+ Kc1 76. Qf1+ Qd1 77. Qc4+ Kb2 78. Qb4+ Qb3 79. Qd2+ Qc2 80. Qd4+ Ka2 81. Qd5+ Kb1 82. Qh1+ Kb2 83. Qh8+ Qc3 84.
Qh2+ Kb3 85. Qb8+ Kc2 86. Qh2+ Qd2 87. Qc7+ Kb1 88. Qb7+ Kc1 89. Qh1+ Qd1 90. Qc6+ Kb1 91. Qb5+ Ka2 92. Qc4+ Kb2 93. Qb4+ Qb3 94. Qd2+ Ka1 95. Qc1+ Ka2 96. Qd2+ Qb2 97. Qd5+ Kb1 98. Qd1+ Qc1 99. Qd3+ Kb2 100. Qd4+ Qc3 101. Qf2+ Kb3 102. Qf7+ Qc4+ 0-1

[Event "GrandPrix_30.05"]
[Site "Chess.com"]
[Date "2020.05.30"]
[Round "3"]
[White "Pash2015"]
[Black "Natalya_Buksa"]
[Result "1/2-1/2"]
[WhiteElo "2202"]
[BlackElo "2075"]
[TimeControl "600+2"]
[EndTime "9:28:41 PDT"]
[Termination "Game drawn by agreement"]

1. e4 c5 2. d4 cxd4 3. Nf3 Nc6 4.
Bc4 e6 5. O-O d6 6. Qe2 Nf6 7.
Rd1 Be7 8. c3 d3 9. Bxd3 Qc7 10.
c4 O-O 11. Nc3 a6 12. h3 Ne5 13. Bf4 Bd7 14. Rac1 b6 15. b3 Rfd8 16. Qe3 Bc6 17.
Nd5 Nxf3+ 18. gxf3 Bxd5 19. cxd5 Qb7 20. dxe6 fxe6 21. Bc4 d5 22. exd5 exd5 23. Qe6+ Kh8 24. Bxa6 Qxa6 25. Qxe7 Re8 26. Qb4 Qe2 27. Kg2 Rxa2 28.
Bg3 Raa8 29. Qxb6 h6 30. Qd4 Qe6 31. b4 Rad8 32. b5 Nh5 33. b6 Nxg3 34. fxg3 Qe2+ 35. Qf2 Qa6 36. Rd2 d4 37. Rb2 d3 38. Rd1 Rb8 39.
g4 Re2 40. Rxe2 dxe2 41. Re1 Re8 42. h4 Qb5 43. h5 Re6 44. b7 Qxb7 45. Rxe2 Rxe2 46.
Qxe2 Qd7 47. Kf1 Qd4 48. Kg2 Qc5 49. Qf2 Qc3 50. Kg3 Qd3 51. Qc5 Qf1 52. Qe3 Qd1 53. Qe8+ Kh7 54. Qe4+ Kh8 55. Kf2 Qd2+ 56. Qe2 Qd4+ 57.
Ke1 Qc3+ 58. Kd1 Qd4+ 59. Kc2 Qc5+ 60. Kd3 Qd5+ 61. Ke3 Qe5+ 62. Kf2 Qh2+ 63. Ke1 Qg1+ 64. Kd2 Qd4+ 65. Qd3 Qf2+ 66. Kc3 Qc5+ 67. Kb3 Qb6+ 68.
Kc4 Qc6+ 69. Kd4 Qd6+ 70. Ke4 Qe6+ 71. Kf4 Qf6+ 72. Qf5 Qd6+ 73. Ke4 Qb4+ 74. Ke5 Qc3+ 75. Ke6 Qc6+ 76. Ke7 Qc7+ 77. Ke8 Qc6+ 78. Kd8 Qa8+ 79. Kc7 Qa7+ 80. Kd6 Qb6+ 81. Ke5 Qc7+ 82. Ke4 Qc2+ 83. Kf4 Qd2+ 84. Kg3 Qe1+ 85. Kf4 Qd2+ 86. Ke4 Qc2+ 87. Ke3 Qc1+ 88. Ke2 Qb2+ 89. Kf1 Qc1+ 90. Kg2 Qd2+ 91.
Kh3 Qe1 92. Qc8+ Kh7 93. Qc2+ Kh8 94. Qg2 Qe3 95. Kg3 Qe5+ 96. f4 Qe3+ 97. Qf3 Qe1+ 98. Kh3 Qd2 99. Qg3 Qd1 100. Qf2 Qd3+ 101. Kh4 Qd5 102. Qe1 Qf3 103. Qe8+ Kh7 104. Qg6+ Kh8 105. Qd6 Qf2+ 106. Kh3 Qf3+ 107. Kh2 Qf2+ 108. Kh1 Qf1+ 1/2-1/2

[Event "GrandPrix_30.05"]
[Site "Chess.com"]
[Date "2020.05.30"]
[Round "4"]
[White "AnotherGrumpy"]
[Black "VSanduleac"]
[Result "0-1"]
[WhiteElo "2002"]
[BlackElo "2287"]
[TimeControl "600+2"]
[EndTime "9:37:35 PDT"]
[Termination "VSanduleac won by resignation"]

1. d4 d6 2. c4 e5 3. Nc3 exd4 4.
Qxd4 Nc6 5. Qe3+ Be6 6. Nf3 Be7 7. Nd5 Nf6 8. Nxe7 Qxe7 9. b3 d5 10. cxd5 Nxd5 11. Qd2 O-O-O 12. Bb2 Ndb4 0-1

[Event "GrandPrix_30.05"]
[Site "Chess.com"]
[Date "2020.05.30"]
[Round "4"]
[White "Kopytkin"]
[Black "cantdefyme"]
[Result "1-0"]
[WhiteElo "2088"]
[BlackElo "1927"]
[TimeControl "600+2"]
[EndTime "9:37:38 PDT"]
[Termination "Kopytkin won by resignation"]

1. e4 c5 2. d4 cxd4 3. c3 dxc3 4.
Nxc3 d6 5. Nf3 Nc6 6. Bc4 a6 7. O-O Nf6 8. e5 dxe5 9. Qxd8+ Nxd8 10. Nxe5 Be6 11. Be2 g6 12. Bf3 Bg7 13. Bf4 O-O 14. Rfd1 Nh5 15. Bxh5 gxh5 16. Nd7 Re8 17. Nb6 Ra7 18.
Bb8 1-0

[Event "GrandPrix_30.05"]
[Site "Chess.com"]
[Date "2020.05.30"]
[Round "4"]
[White "PeshkaTheGreat"]
[Black "Lavrov_Maxim"]
[Result "1/2-1/2"]
[WhiteElo "2142"]
[BlackElo "2268"]
[TimeControl "600+2"]
[EndTime "9:38:55 PDT"]
[Termination "Game drawn by agreement"]

1. e4 e5 2. Nf3 Nc6 3. Bc4 Nf6 4. d3 h6 5. O-O d6 6. c3 g6 7. a4 Bg7 8. Nbd2 O-O 9. Re1 d5 10. Bb5 Re8 11. a5 a6 12. Ba4 dxe4 13. dxe4 Nd7 14.
Nc4 Qe7 15. Ne3 Nc5 16. Nd5 Qd8 17. Bc2 Ne7 1/2-1/2

[Event "GrandPrix_30.05"]
[Site "Chess.com"]
[Date "2020.05.30"]
[Round "4"]
[White "Alexander_Moskalenko"]
[Black "ploky25"]
[Result "0-1"]
[WhiteElo "2297"]
[BlackElo "2241"]
[TimeControl "600+2"]
[EndTime "9:39:52 PDT"]
[Termination "ploky25 won by resignation"]

1. b3 e5 2. Bb2 Nc6 3. e4 Nf6 4. f4 Nxe4 5. Qf3 d5 6. fxe5 Bc5 7. Bb5 O-O 8. Bxc6 bxc6 9. d3 Nf2 10. d4 Nxh1 11.
dxc5 Qh4+ 12. Kf1 Qxh2 13. Ne2 Ba6 14. Nd2 Ng3+ 15. Kf2 Nxe2 16. Qg4 Qf4+ 0-1

[Event "GrandPrix_30.05"]
[Site "Chess.com"]
[Date "2020.05.30"]
[Round "4"]
[White "SavelijTartakover"]
[Black "Petriashvili02"]
[Result "1/2-1/2"]
[WhiteElo "2497"]
[BlackElo "2332"]
[TimeControl "600+2"]
[EndTime "9:39:59 PDT"]
[Termination "Game drawn by agreement"]

1. d4 Nf6 2. c4 g6 3. Nc3 d5 4. cxd5 Nxd5 5. Bd2 Nb6 6. Bf4 Bg7 7. Nf3 O-O 8. Be5 Bxe5 9. Nxe5 f6 10. Nf3 Kg7 11.
e3 c6 12. Be2 Be6 13. O-O N8d7 14. Qc2 Qc7 15. Rac1 Rad8 16. Rfd1 Qb8 17. b3 Nd5 18.
Nxd5 cxd5 19. Qd2 Rc8 20. Qb4 Kf7 21. Ne1 1/2-1/2

[Event "GrandPrix_30.05"]
[Site "Chess.com"]
[Date "2020.05.30"]
[Round "4"]
[White "AlexPapasimakopoulos"]
[Black "MirMan90"]
[Result "0-1"]
[WhiteElo "2242"]
[BlackElo "2235"]
[TimeControl "600+2"]
[EndTime "9:41:36 PDT"]
[Termination "MirMan90 won by resignation"]

1. d4 Nf6 2. c4 g6 3. Nc3 d5 4.
Nf3 Bg7 5. Qb3 dxc4 6. Qxc4 a6 7.
e4 b5 8. Qb3 c5 9. dxc5 Be6 10. Qc2 Nbd7 11. c6 Nb6 12. Be3 O-O 13.
Be2 Qc7 14. Nd4 Bc4 15. Bxc4 Nxc4 16. Nd5 Nxd5 17. exd5 Qe5 18. Nf3 Qxd5 19. O-O Rfc8 20. Rac1 Bxb2 21. Rfd1 Qxc6 22. Rb1 Bg7 23. Qe2 Nxe3 24.
Qxe3 Bf6 25. h4 Qe6 26. Qxe6 fxe6 27. Rd2 Rd8 28. Re2 Kf7 29. g4 Rac8 30. Rb4 Rc4 31. Re4 Rxb4 32. Rxb4 Rd1+ 33. Kg2 Ra1 34. Rf4 Ke8 35.
g5 Bg7 36. Re4 Rxa2 37. Rxe6 b4 38. Rb6 a5 39. Ne1 Rxf2+ 0-1